 Dungeon Crawl Stone Soup version 0.29-a0-371-g91724d5b39 (webtiles) character file.

Game seed: 15988766767511509832

183 Colgate the Sneak (level 5, -2/30 HPs)
             Began as a Kobold Brigand on May 3, 2022.
             Was a Follower of Uskayaw.
             Slain by a gnoll
             ... wielding a +0 whip
              (8 damage)
             ... on level 3 of the Dungeon.
             The game lasted 00:04:58 (3102 turns).

Colgate the Sneak (Kobold Brigand)                  Turns: 3102, Time: 00:04:59

Health: -2/30      AC:  3    Str:  9    XL:     5   Next: 94%
Magic:  5/5        EV: 14    Int: 12    God:    Uskayaw [*.....]
Gold:   138        SH:  0    Dex: 18    Spells: 4/4 levels left

rFire   . . .      SeeInvis .   a - +2 dagger
rCold   . . .      Faith    .   (no shield)
rNeg    . . .      Spirit   .   b - +0 robe
rPois   .          Reflect  .   (no helmet)
rElec   .          Harm     .   c - +0 cloak
rCorr   .          Rampage  .   (no gloves)
Will    .....                   (no boots)
Stlth   +++++.....              (no amulet)
HPRegen 0.10/turn               (no ring)
MPRegen 0.09/turn               (no ring)

@: no status effects
A: small, no large weapons, nightstalker 3
a: Renounce Religion, Stomp


You were on level 3 of the Dungeon.
You worshipped Uskayaw.
Uskayaw was noncommittal.
You visited 1 branch of the dungeon, and saw 3 of its levels.

You collected 138 gold pieces.

Inventory:

Hand Weapons
 a - a +2 dagger (weapon)
 l - a +0 short sword
Missiles
 d - 17 poisoned darts (quivered)
 e - 3 curare-tipped darts
Armour
 b - a +0 robe (worn)
 c - a +0 cloak (worn)
Magical Staves
 h - a staff of cold
Scrolls
 f - 2 scrolls of teleportation {@r3}
 i - a scroll of vulnerability {unknown}
 k - a scroll of identify {unknown}
 m - a scroll of blinking {unknown}
 p - a scroll of enchant armour {unknown}
Potions
 g - 2 potions of curing {unknown}
 j - a potion of flight {unknown}
 n - 2 potions of berserk rage {unknown}
 o - a potion of invisibility {unknown}
 q - a potion of might {unknown}


   Skills:
 - Level 2.1 Fighting
 + Level 6.1 Short Blades
 - Level 2.1 Throwing
 - Level 1.2 Dodging
 - Level 7.1 Stealth


You had 4 spell levels left.
You didn't know any spells.
Your spell library contained the following spells:

 Spells                   Type           Power      Damage    Failure   Level
 Beastly Appendage        Tmut           0%         N/A       32%         1
 Sting                    Tmut/Pois      0%         1d3       32%         1
 Blink                    Tloc           0%         N/A       45%         2
 Poisonous Vapours        Pois/Air       0%         N/A       45%         2
 Wereblood                Tmut           0%         N/A       45%         2
 Lesser Beckoning         Tloc           0%         N/A       69%         3
 Spider Form              Tmut/Pois      0%         N/A       69%         3
 Olgreb's Toxic Radiance  Pois           0%         N/A       97%         4
 Manifold Assault         Tloc           0%         N/A       100%        5


Dungeon Overview and Level Annotations

Branches:
Dungeon (3/15)

Altars:
Uskayaw


Innate Abilities, Weirdness & Mutations

You are small and have problems with some larger weapons.
You are completely attuned to the shadows.


Message History

There is an open door here.
q - a coppery potion No target in view!
Found a stone staircase leading up.
No target in view!
You pick up a book of Changes and begin reading...
You add the spells Beastly Appendage, Wereblood and Spider Form to your library.
Okay, then.
No target in view!
A rat comes into view.
A rat is nearby!
Found a trident.
A rat is nearby!
The helpless rat fails to defend itself.
You stick the rat like a pincushion!!!
You kill the rat!
You see here a +0 trident.
A gnoll comes into view. It is wielding a +0 club.
The gnoll shouts!
You hear a shout!
A gnoll comes into view. It is wielding a +0 club.
There are monsters nearby!
A gnoll comes into view. It is wielding a +0 whip.
The gnoll barely misses you.
There are monsters nearby!
You hit the gnoll. You hit the gnoll. The gnoll misses you.
You hit the gnoll. The gnoll closely misses you.
You hit the gnoll. You barely miss the gnoll.
The gnoll hits you with a +0 club. The gnoll hits you with a +0 club!
The gnoll hits you with a +0 whip.
You barely miss the gnoll. The gnoll barely misses you.
The gnoll hits you with a +0 club.
* * * LOW HITPOINT WARNING * * *
The gnoll hits you but does no damage.
You hit the gnoll. You hit the gnoll but do no damage. The gnoll misses you.
The gnoll barely misses you. The gnoll hits you but does no damage.
You hit the gnoll but do no damage. The gnoll misses you.
The gnoll barely misses you. The gnoll hits you with a +0 whip!
You die...

................
###..#.....##...
............#...
.....##..##.#...
#.......###........
#+#..................
.....................
...gg................
...g@.........##+#...
#+####...........#...
#.##+####+###..# ...#
.......#..# ....#
.......#..# ....#
.......#..#
.............
..####....#..
..........#..


You could see 3 gnolls.

Vanquished Creatures
  Natasha (thrice) (D:2)
  4 gnolls
  2 adders
  3 bats (D:1)
  6 endoplasms
  3 giant cockroaches
  4 goblins
  5 hobgoblins
  4 jackals (D:1)
  A quokka (D:1)
  4 ball pythons
  3 frilled lizards
  5 kobolds
  6 rats
53 creatures vanquished.

Notes
Turn   | Place    | Note
-------+----------+-------------------------------------------
     0 | D:1      | Colgate the Kobold Brigand began the quest for the Orb.
     0 | D:1      | Reached XP level 1. HP: 12/12 MP: 1/1
   133 | D:1      | Reached XP level 2. HP: 17/17 MP: 2/2
   492 | D:1      | Reached XP level 3. HP: 21/21 MP: 3/3
   607 | D:1      | Reached skill level 6 in Stealth
  1279 | D:2      | Noticed Natasha
  1282 | D:2      | Killed Natasha
  1283 | D:2      | Reached skill level 7 in Stealth
  1283 | D:2      | Reached XP level 4. HP: 26/26 MP: 4/4
  1536 | D:2      | Noticed Natasha
  1553 | D:2      | Killed Natasha
  1554 | D:2      | Reached XP level 5. HP: 8/30 MP: 5/5
  1880 | D:2      | Found a faded altar of an unknown god.
  1885 | D:2      | Prayed at the altar of an unknown god.
  1885 | D:2      | Became a worshipper of Uskayaw the Reveller
  1885 | D:2      | Reached * piety under Uskayaw
  1984 | D:2      | Noticed Natasha
  1993 | D:2      | Reached ** piety under Uskayaw
  1996 | D:2      | Killed Natasha
  1997 | D:2      | Reached skill level 5 in Short Blades
  3102 | D:3      | Slain by a gnoll

Illustrated notes

Levels and vault maps discovered:
D:1:      lightli_arrival_chessboard, layout_basic, minmay_crystal_water,
          nicolae_figureground_sparkle
D:2:      layout_loops_ring, shapermc_ecumenical_altar_pompeii, uniq_natasha
D:3:      layout_basic, overflow_temple_1_default, biasface_ghost_orc_armoury

Skill      XL: |  1  2  3  4  5 |
---------------+----------------+-----
Short Blades   | 3 4 6 |  6.1
Stealth        | 7 |  7.1
Fighting       | |  2.1
Throwing       | |  2.1
Dodging        | |  1.2

Action                   |  1- 3 |  4- 6 || total
-------------------------+-------+-------++-------
Melee: Dagger            |    97 |    94 ||   191
       Punch             |     1 |       ||     1
Throw: Dart              |       |     1 ||     1
  Use: Scroll            |     1 |       ||     1
 Stab: Sleeping          |    15 |     7 ||    22
Armor: Robe              |    18 |     4 ||    22
Dodge: Dodged            |    55 |    48 ||   103

Table legend: (Time is in decaauts)
 A = Elapsed time spent in this place.
 B = Non-inter-level travel time spent in this place.
 C = Inter-level travel time spent in this place.
 D = Time resting spent in this place.
 E = Time spent auto-exploring this place.
 F = Levels seen in this place.
 G = Mean time per level.
                   A        B        C        D        E       F      G
               +--------+--------+--------+--------+--------+-----+--------+
         Total |   3063 |   3005 |     58 |    386 |   2205 |   3 | 1021.0 |
       Dungeon |   3063 |   3005 |     58 |    386 |   2205 |   3 | 1021.0 |
               +--------+--------+--------+--------+--------+-----+--------+

Top non-repeatable levels by time:
     D:2: 1499 daAuts
     D:1: 1004 daAuts
     D:3: 559 daAuts
